 Dungeon Crawl Stone Soup version 0.22.2-1-ge965b3a (webtiles) character file.

56 Clean76 the Firebug (level 3, -2/26 HPs)
             Began as a Draconian Fire Elementalist on Nov 23, 2019.
             Slain by an adder (4 damage)
             ... on level 2 of the Dungeon.
             The game lasted 00:19:15 (1349 turns).

Clean76 the Firebug (Draconian Fire Elementalist)   Turns: 1349, Time: 00:19:16

Health: -2/26      AC:  5    Str: 10    XL:     3   Next: 71%
Magic:  7/7        EV: 12    Int: 16    God:
Gold:   110        SH:  0    Dex: 11    Spells: 1/7 levels left

rFire    . . .     SeeInvis .   m - +0 mace
rCold    . . .     Gourm    .   (no shield)
rNeg     . . .     Faith    .   (armour unavailable)
rPois    .         Spirit   .   (helmet restricted)
rElec    .         Reflect  .   (no cloak)
rCorr    .         Harm     .   (no gloves)
MR       .....                  (no boots)
Stlth    ++........             (no amulet)
HPRegen  0.08/turn              g - ring of flight
MPRegen  0.10/turn              (no ring)

@: lethally poisoned (-2 -> -12)
A: unfitting armour, cold-blooded, AC +5
a: Evoke Flight


You were on level 2 of the Dungeon.
You were not hungry.

You visited 1 branch of the dungeon, and saw 2 of its levels.

You collected 110 gold pieces.

Inventory:

Hand Weapons
 a - a +0 club
 d - a +0 dagger
 m - a +0 mace (weapon)
Jewellery
 g - a ring of flight (left hand)
Scrolls
 c - a scroll of fear {unknown}
 f - 4 scrolls of identify {unknown}
 h - 2 scrolls of immolation {unknown}
 i - 2 scrolls of teleportation {unknown}
 j - a scroll of amnesia {unknown}
 l - a scroll of fog {unknown}
 n - a scroll of remove curse
Potions
 e - 2 potions of brilliance
 k - a potion of invisibility {unknown}
 o - a potion of curing {unknown}
Comestibles
 b - 2 rations


   Skills:
 - Level 0.3 Maces & Flails
 - Level 2.0 Dodging
 - Level 1.9 Stealth
 + Level 2.7 Spellcasting
 - Level 1.0 Conjurations
 + Level 3.9 Fire Magic


You had one spell level left.
You knew the following spells:

 Your Spells              Type           Power        Failure   Level  Hunger
a - Flame Tongue          Conj/Fire      ##...        7%          1    #......
b - Throw Flame           Conj/Fire      ##....       11%         2    ##.....
c - Conjure Flame         Conj/Fire      ##......     22%         3    ###....

Your spell library contained the following spells:

 Spells                   Type           Power        Failure   Level  Hunger
 Inner Flame              Hex/Fire       #.......     26%         3    ###....
 Sticky Flame             Conj/Fire      ##......     56%         4    #####..
 Fireball                 Conj/Fire      ##........   89%         5    ######.


Dungeon Overview and Level Annotations

Branches:
Dungeon (2/15)

Altars:


Innate Abilities, Weirdness & Mutations

Your plain brown scales are hard. (AC +5)
You cannot fit into any form of body armour.
You are cold-blooded and may be slowed by cold attacks.


Message History

The adder bites you but does no damage. The adder misses you.
The adder closely misses you. The adder bites you.
The adder closely misses you. x2
You feel sick. The adder barely misses you. The adder bites you.
The adder barely misses you.
* * * LOW HITPOINT WARNING * * *
You feel sick. The adder bites you but does no damage.
The adder closely misses you.
* * * LOW HITPOINT WARNING * * *
You feel sick. The adder bites you.
* * * LOW HITPOINT WARNING * * *
You are more poisoned.
The adder poisons you!
* * * LOW HITPOINT WARNING * * *
You feel sick.
You barely miss the adder.
Your tail-slap misses the adder.
* * * LOW HITPOINT WARNING * * *
You feel sick. The adder completely misses you. The adder misses you.
The adder bites you.
You die...

......##........
#..............#......
#.............##....#.
#.....................
.##.
#..................###
.(. #........#.##.#...##
#..
##........#..#†#....##
#.##..........#...##.....
#......S@.......#..#..###
#..#...SS.....#.#..#..# #
#............#.#..##.# #
#....................#
#.................#..#
#...............#....##
#%...%..#####.........##
#.......# #...##....#.
#.......# ########....


You could see 3 adders.

Vanquished Creatures
  An adder (D:2)
  A leopard gecko (D:1)
  2 giant cockroaches
  7 goblins
  4 hobgoblins
  4 jackals (D:1)
  9 kobolds
  4 bats
  3 frilled lizards
  8 rats
43 creatures vanquished.

Notes
Turn   | Place    | Note
-------+----------+-------------------------------------------
     0 | D:1      | Clean76 the Draconian Fire Elementalist began the quest for
                  | the Orb.
     0 | D:1      | Reached XP level 1. HP: 14/14 MP: 3/3
   148 | D:1      | Reached XP level 2. HP: 15/20 MP: 0/5
   835 | D:2      | Reached XP level 3. HP: 26/26 MP: 4/6
  1195 | D:2      | Learned a level 2 spell: Throw Flame
  1199 | D:2      | Learned a level 3 spell: Conjure Flame
  1349 | D:2      | Slain by an adder

Skill      XL: |  1 |
---------------+----+-----
Dodging        | 2 |  2.0
Maces & Flails | |  0.3
Stealth        | |  1.9
Spellcasting   | |  2.7
Conjurations   | |  1.0
Fire Magic     | |  3.9

Action                   || total
-------------------------++-------
Melee: Unarmed           ||    10
       Club              ||    42
       Tailslap          ||     6
       Mace              ||     9
Throw: Stone             ||     1
 Cast: Flame Tongue      ||    43
       Conjure Flame     ||     1
       Throw Flame       ||     1
  Use: Potion            ||     2
       Scroll            ||     1
 Stab: Sleeping          ||     1
  Eat: Chunk             ||     2
Armor: Skin              ||    30
Dodge: Dodged            ||    77
